AoeStats
← ITZ | AutocavS

Arabian Desert

508715124Analyzed
1v1 RM · 10d ago on Sep 23, 2026· 45m 5s· 2 players
Game mode
Random Map
Map size
Tiny (2 player)
Population
200
Speed
Normal
Resources
Standard
Victory
Conquest
Starting age
Dark Age
Ending age
Imperial Age
RankedLock teamsTeams togetherTeam positionsShared explorationLock speedFull tech treeHidden civsTurbo modeCheats
Victory
Defeat
🇦🇷 Magyars · Argentina
1470
+17
🇬🇧 Varangians · United Kingdom
1501
-17
ITZ | AutocavS
6:02 Loom
6:08 Loom
9:08 Feudal Age
9:52 Double-Bit Axe
11:56 Horse Collar
19:18 Gold Mining
21:52 Castle Age
20:10 Fletching
20:25 Padded Archer Armor
21:18 Bloodlines
22:32 Bodkin Arrow
22:44 Husbandry
24:22 Ballistics
31:23 Bow Saw
31:55 Gold Shaft Mining
34:45 Imperial Age
33:15 Thumb Ring
34:42 Stone Mining
35:45 Heavy Cavalry Archer
37:07 Bracer
38:28 Leather Archer Armor
41:20 Chemistry
41:24 Parthian Tactics
42:52 Wheelbarrow
44:13 Recurve Bow
44:35 Conscription
44:20 Cavalier
BALDWIN IV
6:26 Loom
9:25 Feudal Age
11:21 Bloodlines
18:50 Double-Bit Axe
18:47 Horse Collar
23:54 Castle Age
23:28 Forging
23:28 Scale Barding Armor
25:11 Husbandry
34:24 Chain Barding Armor
34:45 Fletching
34:56 Padded Archer Armor
34:40 Elite Skirmisher
35:45 Heavy Plow
37:59 Bodkin Arrow
40:50 Ballistics
40:51 Leather Archer Armor
42:36 Bow Saw
43:20 Wheelbarrow
46:26 Imperial Age
Connection lost

Rejoining the realm…

Still unreachable

The connection could not be restored.

Session expired

The server has moved on; the page needs a fresh start.